 Dungeon Crawl Stone Soup version 0.17-a0-1646-geb1493d (webtiles) character file.

1001 matakusis the Thaumaturge (level 8, -5/42 HPs)
             Began as a Deep Elf Wizard on Aug 9, 2015.
             Shot with an arrow by a centaur (18 damage)
             ... on level 5 of the Dungeon.
             The game lasted 00:48:21 (5279 turns).

matakusis the Thaumaturge (Deep Elf Wizard)         Turns: 5279, Time: 00:48:25

Health: -5/42      AC:  6    Str:  4    XL:     8   Next: 0%
Magic:  20/31      EV: 14    Int: 21    God:
Gold:   280        SH:  0    Dex: 20    Spells: 3 memorised, 19 levels left

rFire  . . .     SeeInvis +     r - +5 quarterstaff (chaos)
rCold  . . .     Clarity  +     a - +0 robe
rNeg   . . .     SustAt   .     (no shield)
rPois  .         Gourm    .     (helmet restricted)
rElec  .         Spirit   .     g - +0 cloak
rCorr  .         Warding  .     o - +0 pair of gloves
rMut   .         Stasis   .     l - +0 pair of boots
MR     .....                    b - amulet "Guqesih" {Clar MP+9 Int-5 Dex+7}
Stlth  ++........               (no ring)
                                n - ring of see invisible

@: not resistant to hostile enchantments, unstealthy
A: horns 1, icy blue scales 1, blink 1
a: Blink


You were on level 5 of the Dungeon.
You were not hungry.

You visited 1 branch of the dungeon, and saw 5 of its levels.

You collected 280 gold pieces.

Inventory:

Hand weapons
 r - a +5 quarterstaff of chaos (weapon)
Missiles
 e - 2 throwing nets (quivered)
Armour
 a - a +0 robe (worn)
 g - a +0 cloak (worn)
 l - a +0 pair of boots (worn)
 o - a +0 pair of gloves (worn)
Jewellery
 b - the amulet "Guqesih" (around neck) {Clar MP+9 Int-5 Dex+7}
   (You found it on level 5 of the Dungeon)

   [amulet of clarity]

   It provides mental clarity.
   It affects your intelligence (-5).
   It affects your dexterity (+7).
   It affects your magic capacity (+9).
 n - a ring of see invisible (left hand)
Scrolls
 h - 3 scrolls of enchant weapon
 i - 3 scrolls of remove curse
 m - a scroll of immolation
Potions
 j - 3 potions of curing
 k - 2 potions of brilliance {unknown}
 p - a potion of invisibility
 v - 3 potions of lignification
 w - a potion of resistance
 z - a potion of berserk rage
 A - a potion of heal wounds {unknown}
Books
 c - a book of Minor Magic

   Spells                             Type                      Level
   a - Magic Dart                     Conjuration                  1
   b - Blink                          Translocation                2
   c - Call Imp                       Summoning                    2
   d - Repel Missiles                 Charms/Air                   2
   e - Slow                           Hexes                        2
   f - Conjure Flame                  Conjuration/Fire             3
   g - Mephitic Cloud                 Conjuration/Poison/Air       3
Comestibles
 d - a bread ration
 f - 2 beef jerkies
 q - 3 meat rations
 s - a slice of pizza


   Skills:
 + Level 0.4 Fighting
 + Level 1.0 Staves
 + Level 3.5 Dodging
 - Level 2.5 Stealth
 + Level 8.5 Spellcasting
 + Level 2.1 Conjurations
 * Level 7.1 Summonings
 - Level 1.1 Translocations


You had 19 spell levels left.
You knew the following spells:

 Your Spells              Type           Power        Failure   Level  Hunger
a - Magic Dart            Conj           ###.         3%          1    None
b - Blink                 Tloc           N/A          10%         2    None
c - Call Imp              Summ           #####...     1%          2    None


Dungeon Overview and Level Annotations

Branches:
Dungeon (5/15)
 Temple: D:4-7

Altars:


Innate Abilities, Weirdness & Mutations

You have a pair of small horns on your head.
You are partially covered in icy blue scales (AC +1).
You can translocate small distances at will.


Message History

A beastly little devil appears in a puff of flame.
The centaur shoots an arrow.
The arrow hits your crimson imp!
Casting: Call Imp
Confirm with . or Enter, or press ? or * to list all spells.
A beastly little devil appears in a puff of frigid air.
The centaur shoots an arrow.
The arrow hits your crimson imp!
Your crimson imp dies!
Your crimson imp blinks!
You swap places.
The centaur shoots an arrow.
The arrow completely misses your crimson imp.
The arrow barely misses your white imp. The arrow hits you!
You see here an arrow.
Casting: Call Imp
Confirm with . or Enter, or press ? or * to list all spells.
A shadowy apparition takes form in the air.
Your crimson imp disappears in a puff of smoke!
The centaur shoots an arrow.
The arrow closely misses your crimson imp.
The arrow barely misses your white imp. The arrow hits you!!
You die...

†#55.##.##.####..........#.# #<
P#..!##....................# #.
##.####.##.####..##[###..#######.
.#...##.#.## #...............5..
.######...#####.#################
#..5#####.......# #.#..#
#..#....# #.#######....##### ###
#...#.....@# #.# #.......§5(# #.#
##########5# #.# #(# #.# #.# ..#
#.# ### #5# #c# #.#


You could see a centaur, a friendly crimson imp, a friendly white imp and a
friendly shadow imp.

Vanquished Creatures
  A scorpion (D:5)
  A water moccasin skeleton (D:5)
  An orc wizard (D:5)
  A hound zombie (D:5)
  An adder (D:5)
  2 gnolls (D:4)
  2 adder skeletons (D:5)
  A giant gecko (D:1)
  4 orcs
  3 ball pythons
  15 bats
  7 hobgoblins
  4 kobolds
  A giant cockroach (D:3)
  2 giant newts
  8 goblins
  6 rats
  A fungus (D:2)
61 creatures vanquished.

Vanquished Creatures (collateral kills)
  Sigmund (D:5)
  Edmund (D:5)
  A sky beast (D:5)
  An ice beast (D:5)
  An ogre (D:5)
  7 scorpions
  A centaur zombie (D:5)
  An orc wizard (D:3)
  Crazy Yiuf (D:2)
  A giant frog skeleton (D:5)
  A gnoll shaman (D:4)
  4 worker ants (D:4)
  A hound skeleton (D:5)
  Robin (D:3)
  7 gnolls
  8 adders
  An ooze (D:2)
  2 adder skeletons (D:4)
  2 worms
  A giant gecko (D:4)
  23 orcs
  3 bats
  3 giant cockroaches
  9 goblins
  4 hobgoblins
  2 jackals (D:2)
  2 kobolds (D:2)
  A ball python (D:2)
  A giant newt (D:5)
  2 rats
94 creatures vanquished.

Vanquished Creatures (others)
  A fungus (D:5)
1 creature vanquished.

Grand Total: 156 creatures vanquished

Notes
Turn   | Place    | Note
--------------------------------------------------------------
     0 | D:1      | matakusis the Deep Elf Wizard began the quest for the Orb.
     0 | D:1      | Reached XP level 1. HP: 10/10 MP: 7/7
   325 | D:1      | Reached XP level 2. HP: 7/15 MP: 4/9
   329 | D:1      | Learned a level 2 spell: Blink
   332 | D:1      | Learned a level 2 spell: Call Imp
   730 | D:1      | Reached skill level 5 in Spellcasting
  1064 | D:2      | Reached XP level 3. HP: 19/19 MP: 4/11
  1835 | D:2      | Reached skill level 6 in Spellcasting
  1835 | D:2      | Reached XP level 4. HP: 22/24 MP: 1/14
  2053 | D:2      | Noticed Crazy Yiuf
  2062 | D:2      | Killed Crazy Yiuf
  2198 | D:3      | Noticed Robin
  2216 | D:3      | Killed Robin
  2558 | D:3      | Reached XP level 5. HP: 28/28 MP: 9/16
  3107 | D:4      | Reached skill level 7 in Spellcasting
  3192 | D:4      | Reached XP level 6. HP: 21/32 MP: 5/18
  3868 | D:5      | Entered Level 5 of the Dungeon
  3880 | D:5      | Got a coiled crystal amulet
  3881 | D:5      | Identified the amulet "Guqesih" {Clar MP+9 Int-5 Dex+7} (You found it on level 5 of the Dungeon)
  4160 | D:5      | Gained mutation: You are partially covered in icy blue scales (AC +1). [potion of beneficial mutation]
  4275 | D:5      | Reached skill level 5 in Summonings
  4407 | D:5      | Reached XP level 7. HP: 30/37 MP: 20/20
  4601 | D:5      | Noticed Sigmund
  4614 | D:5      | Killed Sigmund
  4614 | D:5      | Reached skill level 8 in Spellcasting
  4753 | D:5      | Noticed Edmund
  4852 | D:5      | Killed Edmund
  5058 | D:5      | Reached skill level 1 in Staves
  5204 | D:5      | Reached XP level 8. HP: 42/42 MP: 22/22
  5205 | D:5      | Gained mutation: You can translocate small distances at will. [mutagenic meat]
  5206 | D:5      | Gained mutation: You have a pair of small horns on your head. [mutagenic meat]
  5279 | D:5      | Shot with an arrow by a centaur

Vault maps used:
D:1:      tarquinn_simple_flora_water_f
D:2:      uniq_crazy_yiuf_cottage
D:3:      uniq_robin
D:4:      first_bread
D:5:      old_forge, fedhas_altar_fruit_tree, uniq_edmund, uniq_sigmund

Action                   |  1- 3 |  4- 6 |  7- 9 || total
-------------------------+-------+-------+-------++-------
Melee: Unarmed           |     6 |    94 |       ||   100
       Quarterstaff      |       |    42 |    22 ||    64
 Cast: Magic Dart        |    57 |    43 |    23 ||   123
       Call Imp          |    29 |    90 |    52 ||   171
       Blink             |     2 |     6 |       ||     8
  Use: Scroll            |       |    13 |       ||    13
       Potion            |       |     1 |       ||     1
 Stab: Distracted        |     1 |     1 |     1 ||     3
       Sleeping          |     1 |     1 |       ||     2
  Eat: Chunk             |     2 |     4 |     5 ||    11
       Bread ration      |       |     1 |     1 ||     2
